 Dungeon Crawl Stone Soup version 0.31.0-11-ge490571c62 (webtiles) character file.

Game seed: 9298316925712769044

499 browni3141 the Chopper (level 6, -3/56 HPs)
             Began as a Minotaur Fighter on Jan 28, 2024.
             Was an Initiate of Okawaru.
             Slain by an ogre
             ... wielding a +0 giant spiked club
              (7 damage)
             ... on level 5 of the Dungeon.
             The game lasted 00:01:45 (4086 turns).

browni3141 the Chopper (Minotaur Fighter)           Turns: 4086, Time: 00:01:46

Health: -3/56      AC:  9    Str: 22    XL:     6   Next: 94%
Magic:  5/5        EV:  8    Int:  5    God:    Okawaru [......]
Gold:   244        SH:  5    Dex: 16    Spells: 5/5 levels left

rFire   . . .        a - +0 war axe
rCold   + . .        c - +0 buckler
rNeg    . . .        r - +0 chain mail
rPois   .            (helmet restricted)
rElec   .            (no cloak)
rCorr   .            (no gloves)
SInv    .            (no boots)
Will    .....        x - amulet of regeneration Stlth
                     l - +6 ring of dexterity
HPRegen 1.09/turn    w - ring of protection from cold
MPRegen 0.09/turn

%: no passive effects
@: no status effects
A: horns 2, retaliatory headbutt
a: Renounce Religion


You were on level 5 of the Dungeon.
You worshipped Okawaru.
Okawaru was noncommittal.
You visited 2 branches of the dungeon, and saw 6 of its levels.

You collected 244 gold pieces.

Inventory:

Hand Weapons
 a - a +0 war axe (weapon)
Missiles
 s - 2 throwing nets (quivered)
Armour
 b - a +0 scale mail
 c - a +0 buckler (worn)
 r - a +0 chain mail (worn)
Jewellery
 j - a ring of ice
 l - a +6 ring of dexterity (left hand)
 w - a ring of protection from cold (right hand)
 x - an amulet of regeneration (around neck)
Scrolls
 e - 3 scrolls of teleportation {unknown}
 f - 2 scrolls of immolation {unknown}
 g - a scroll of silence {unknown}
 h - a scroll of vulnerability {unknown}
 i - 3 scrolls of fog {unknown}
 n - 2 scrolls of enchant weapon {unknown}
 o - a scroll of blinking {unknown}
 p - 5 scrolls of identify {unknown}
 q - a scroll of poison {unknown}
 u - a scroll of fear {unknown}
 v - 2 scrolls of revelation {unknown}
Potions
 d - 3 potions of degeneration {unknown}
 k - 2 potions of magic {unknown}
 m - a potion of ambrosia {unknown}
 t - a potion of heal wounds {unknown}


   Skills:
 + Level 5.2 Fighting
 * Level 6.0 Axes
 + Level 5.4 Armour
 + Level 5.2 Shields


You had 5 spell levels left.
You didn't know any spells.
Your spell library contained the following spells:

 Spells                   Type           Power      Damage    Failure   Level
 Apportation              Tloc           0%         N/A       98%         1
 Foxfire                  Conj/Fire      0%         2x1d4     98%         1
 Necrotise                Necr           0%         1d4       98%         1
 Sting                    Conj/Alch      0%         1d3       98%         1
 Blink                    Tloc           0%         N/A       99%         2
 Lesser Beckoning         Tloc           0%         N/A       99%         2
 Momentum Strike          Conj/Tloc      0%         3d8       99%         2
 Plasma Beam              Fire/Air       0%         2x1d10    100%        6
 Starburst                Conj/Fire      0%         6d3       100%        6
 Summon Small Mammal      Summ           Unusable   N/A       N/A         1

Dungeon Overview and Level Annotations

Branches:
Dungeon (5/15)             Temple (1/1) D:4

Altars:
Cheibriados
Dithmenos
Elyvilon
Fedhas
Hepliaklqana
Kikubaaqudgha
Makhleb
Okawaru
Qazlal
Trog
Uskayaw
Wu Jian
Xom
Yredelemnul


Innate Abilities, Weirdness & Mutations

You have a pair of horns on your head.
You reflexively headbutt those who attack you in melee.


Message History

You slash the black bear!
The black bear is heavily wounded.
You hit the adder. The adder closely misses you.
An orc comes into view. It is wielding a +0 dagger.
The black bear bites you. The black bear claws you.
The black bear closely misses you. The adder completely misses you.
You barely miss the black bear.
The black bear is heavily wounded.
You closely miss the adder. You block the black bear's attack.
The black bear claws you but does no damage.
You block the black bear's attack.
The orc hits you from afar with a +0 trident.
The adder barely misses you.
You closely miss the black bear.
The black bear is heavily wounded.
You barely miss the adder. The adder closely misses you.
The orc barely misses you.
The black bear bites you but does no damage.
You block the black bear's attack. x2
An adder comes into view.
The adder bites you but does no damage.
The orc hits you from afar with a +0 trident.
The black bear barely misses you. The black bear claws you.
The black bear claws you but does no damage.
The adder hisses angrily.
You hit the black bear. You headbutt the black bear.
The black bear is almost dead.
You hit the adder but do no damage. The adder bites you but does no damage.
The black bear misses you.
The black bear claws you but does no damage.
The black bear claws you. The orc hits you but does no damage.
You block the adder's attack.
You slash the black bear!
You kill the black bear!
Okawaru accepts your kill.
You slash the adder!
You kill the adder!
Okawaru accepts your kill.
You closely miss the orc. The orc hits you but does no damage.
An orc priest comes into view. It is wielding a +0 mace.
The orc barely misses you.
An ogre comes into view. It is wielding a +0 giant spiked club.
Your Axes skill increases to level 6!
The ogre shouts!
The orc priest shouts!
You slash the orc!
You kill the orc!
Okawaru accepts your kill.
You hear a shout!
An orc comes into view. It is wielding a +0 dagger.
The orc priest looks satisfied for a moment.
The orc hits you but does no damage. x2; You block the orc's attack.
You slash the adder!
You kill the adder!
Okawaru accepts your kill.
You hit the orc but do no damage. The orc hits you but does no damage. x2
A sleepcap comes into view.
The orc attacks as it pursues you! You block the orc's attack.
There is a stone staircase leading up here.
The orc hits you but does no damage. x2
You climb upwards.
There is a stone staircase leading down here.
You slash the orc!
You kill the orc!
Okawaru accepts your kill.
No target in view!
No target in view!
You start resting.
HP restored.
You climb downwards.
The orc priest calls down the wrath of Beogh upon you.
Beogh smites you! The sleepcap releases spores at you.
You are engulfed in a cloud of soporific spores!
You fall asleep.
The orc hits you with a +0 dagger.
You wake up.
You hear a howl!
There is a stone staircase leading up here.
You hit the sleepcap but do no damage. You slash the orc!
You kill the orc!
Okawaru accepts your kill. You block the sleepcap's attack.
A howler monkey comes into view.
The sleepcap releases spores at you.
You closely miss the orc priest. You headbutt the orc priest.
The orc priest is heavily wounded.
You hit the sleepcap. The orc priest hits you with a +0 mace.
The sleepcap releases spores at you.
You are engulfed in a cloud of soporific spores!
You are unaffected.
You completely miss the orc priest.
The orc priest is heavily wounded.
You hit the ogre. You hit the sleepcap but do no damage.
The orc priest hits you with a +0 mace. The sleepcap releases spores at you.
The ogre hits you with a +0 giant spiked club!!
You hit the orc priest but do no damage.
The orc priest is heavily wounded.
You hit the ogre. You hit the sleepcap but do no damage.
The orc priest hits you with a +0 mace.
The sleepcap releases spores at you but does no damage.
The ogre hits you with a +0 giant spiked club!
You die...

##.. .... . ...
..... ..###.!
.....
#......###..o##
...#...(....#
...#..........#
......)h......#
#oO.....#
#@......#
#.f......
.....###.
........
#....#####
#...<# ......
#.....#


You could see an ogre, a sleepcap, a howler monkey, an orc priest and an orc.

Vanquished Creatures
  2 black bears
  A hound (D:4)
  A jelly (D:4)
  An orc priest (D:3)
  A sleepcap (D:3)
  2 orc wizards
  A gnoll (D:1)
  6 adders
  A dart slug (D:2)
  A ribbon worm (D:3)
  15 orcs
  2 endoplasms
  5 giant cockroaches
  6 goblins
  8 hobgoblins
  6 ball pythons
  2 bats (D:1)
  7 kobolds
  2 rats
70 creatures vanquished.

Notes
Turn   | Place    | Note
-------+----------+-------------------------------------------
     0 | D:1      | browni3141 the Minotaur Fighter began the quest for the
                  | Orb.
     0 | D:1      | Reached XP level 1. HP: 19/19 MP: 0/0
    59 | D:1      | Reached XP level 2. HP: 4/27 MP: 1/1
   177 | D:1      | Reached skill level 3 in Axes
   200 | D:1      | You fall into a shaft and drop 1 floor!
   245 | D:2      | Reached XP level 3. HP: 17/33 MP: 2/2
  1246 | D:2      | Reached XP level 4. HP: 40/40 MP: 3/3
  1398 | D:2      | Identified the +5 dagger of Ketuqe {venom, Dex+3}
  1902 | D:3      | Reached skill level 4 in Axes
  1976 | D:3      | Reached XP level 5. HP: 13/47 MP: 4/4
  2405 | D:3      | Found a faded altar of an unknown god.
  2772 | D:3      | Identified the +6 spear "Kemaptal" {freeze, *Corrode rPois
                  | rC+++ Stlth-}
  2968 | D:4      | Found a shimmering altar of Xom.
  3134 | D:4      | Found a staircase to the Ecumenical Temple.
  3164 | D:4      | Found a stormy altar of Qazlal.
  3167 | D:4      | Found a white marble altar of Elyvilon.
  3193 | Temple   | Entered the Ecumenical Temple
  3205 | Temple   | Became a worshipper of Warmaster Okawaru
  3239 | D:4      | Found a shadowy altar of Dithmenos.
  3257 | D:4      | Noticed a black bear
  3266 | D:4      | Killed a black bear
  3267 | D:4      | Reached skill level 5 in Axes
  3267 | D:4      | Reached skill level 5 in Armour
  3267 | D:4      | Reached XP level 6. HP: 41/55 MP: 5/5
  3363 | D:4      | Found a hide-covered altar of Uskayaw.
  3366 | D:4      | Found an ancient bone altar of Kikubaaqudgha.
  3680 | D:4      | Reached skill level 5 in Fighting
  3680 | D:4      | Reached skill level 5 in Shields
  3691 | D:4      | Found a hazy altar of Hepliaklqana.
  3714 | D:4      | Found a burning altar of Makhleb.
  4061 | D:5      | Entered Level 5 of the Dungeon
  4070 | D:5      | Reached skill level 6 in Axes
  4086 | D:5      | Slain by an ogre

Illustrated notes

Levels and vault maps discovered:
D:1:      minmay_arrival_glassed_features, layout_loops_ring,
          minmay_pentomino_z4
D:2:      layout_basic, minmay_close_crescents
D:3:      layout_basic, dreamdust_ecumenical_altar_grove,
          uniq_crazy_yiuf_cottage
D:4:      layout_loops_corners, grunt_temple_overflow_cloverleaf,
          mainiacjoe_overflow_swirl, nicolae_dithmenos_shadow_blocks,
          dk_xom_monty_hall, minmay_temple_entry_stoned_glass
D:5:      layout_rooms, pdpol_temple_overflow_zin_treasury_gozag_greed,
          mainiacjoe_overflow_alcove_2, hex_tiny
Temple:   nicolae_temple_stand_before_the_council

Skill      XL: |  1  2  3  4  5  6 |
---------------+-------------------+-----
Axes           | 3 4 5 6 |  6.0
Fighting       | 4 5 |  5.2
Armour         | 4 5 |  5.4
Shields        | 4 5 |  5.2

Action                     |  1- 3 |  4- 6 || total
---------------------------+-------+-------++-------
  Melee: War axe           |    59 |    92 ||   151
         Headbutt          |     6 |    18 ||    24
  Throw: Throwing net      |       |     1 ||     1
    Use: Potion            |       |     1 ||     1
 Armour: Scale mail        |    41 |       ||    41
         Chain mail        |    17 |   111 ||   128
  Dodge: Dodged            |    32 |    38 ||    70
  Block: Buckler           |    10 |    31 ||    41
